 Dungeon Crawl Stone Soup version 0.29-a0-284-gf9362112df (webtiles) character file.

Game seed: 2461975899971119586

335 spaghetti the Covert (level 6, -2/47 HPs)
             Began as a Gnoll Wanderer on Mar 28, 2022.
             Was a Follower of Nemelex Xobeh.
             Slain by a white imp (3 damage)
             ... on level 5 of the Dungeon.
             The game lasted 00:07:27 (4713 turns).

spaghetti the Covert (Gnoll Wanderer)               Turns: 4713, Time: 00:07:28

Health: -2/47      AC:  6    Str:  8 (11) XL:     6   Next: 53%
Magic:  9/9        EV: 12    Int:  9 (10) God:    Nemelex Xobeh [*.....]
Gold:   164        SH:  0    Dex: 14 (15) Spells: 9/9 levels left

rFire   . . .      SeeInvis .   n - +0 short sword (elec) {short}
rCold   . . .      Faith    .   (no shield)
rNeg    . . .      Spirit   .   g - +0 leather armour
rPois   .          Reflect  .   t - +1 helmet
rElec   .          Harm     .   u - +0 cloak
rCorr   .          Rampage  .   (no gloves)
Will    .....                   (no boots)
Stlth   ++++......              (no amulet)
HPRegen 0.15/turn               (no ring)
MPRegen 0.11/turn               (no ring)

@: no status effects
A: fangs 1, strong nose, distributed training
a: Renounce Religion, Draw Escape, Draw Destruction, Draw Summoning


You were on level 5 of the Dungeon.
You worshipped Nemelex Xobeh.
Nemelex Xobeh was aware of your devotion.
You visited 1 branch of the dungeon, and saw 5 of its levels.

You collected 164 gold pieces.


Innate Abilities, Weirdness & Mutations

You have very sharp teeth.
Your uncanny sense of smell can sniff out nearby items.
Your experience applies equally to all skills.


   Skills:
 + Level 3.3 Fighting
 + Level 2.0 Short Blades
 + Level 2.0 Long Blades
 + Level 2.0 Axes
 + Level 2.0 Maces & Flails
 + Level 2.0 Polearms
 + Level 5.0 Staves
 + Level 2.0 Slings
 + Level 2.0 Bows
 + Level 2.0 Crossbows
 + Level 2.0 Throwing
 + Level 3.3 Armour
 + Level 3.3 Dodging
 + Level 8.0 Stealth
 + Level 2.0 Shields
 + Level 2.0 Unarmed Combat
 + Level 2.0 Spellcasting
 + Level 1.6 Conjurations
 + Level 1.6 Hexes
 + Level 1.6 Summonings
 + Level 1.6 Necromancy
 + Level 1.6 Translocations
 + Level 1.6 Transmutations
 + Level 1.6 Fire Magic
 + Level 1.6 Ice Magic
 + Level 1.6 Air Magic
 + Level 1.6 Earth Magic
 + Level 1.6 Poison Magic
 + Level 3.4 Invocations
 + Level 2.0 Evocations


You had 9 spell levels left.
You didn't know any spells.
Your spell library was empty.

Inventory:

Hand Weapons
 a - a +0 dagger {short}
 d - a +0 quarterstaff {staff}
 n - a +0 short sword of electrocution (weapon) {short}
   (You took it off a kobold on level 1 of the Dungeon)
 y - a +0 whip of electrocution {mace}
   (You took it off a kobold on level 4 of the Dungeon)
Missiles
 b - an atropa-tipped dart {throwing}
 c - a datura-tipped dart {throwing}
 i - 110 stones (quivered) {throwing}
 q - 9 poisoned darts {throwing}
 v - a throwing net {=f!fthrowing}
 A - 6 curare-tipped darts {=fthrowing}
 C - 2 silver javelins {throwing}
Armour
 g - a +0 leather armour (worn)
 t - a +1 helmet (worn)
   (You found it on level 3 of the Dungeon)
 u - a +0 cloak (worn)
   (You found it on level 3 of the Dungeon)
Wands
 s - a wand of paralysis (8)
   (You found it on level 4 of the Dungeon)
 D - a wand of flame (12)
   (You found it on level 4 of the Dungeon)
Scrolls
 e - 2 scrolls of fog
 f - a scroll of summoning
 h - 4 scrolls of teleportation {@r4}
 k - 2 scrolls of vulnerability {!r!r}
 m - 2 scrolls of enchant armour
 r - a scroll of enchant weapon
 w - a scroll of identify {@r1}
 B - a scroll of amnesia {unknown}
Potions
 l - 3 potions of curing {@q1}
 o - 3 potions of magic {unknown}
 p - 2 potions of resistance {unknown}
 x - a potion of mutation {unknown}
 z - a potion of invisibility {unknown}

Dungeon Overview and Level Annotations

Branches:
Dungeon (5/15)             Temple (0/1) D:5

Altars:
Nemelex Xobeh

Shops:
D:1

?( .. #.# .## #.
..# ##.. #.##..
...# . #....##.>..
.# #..#...5 .##.#.
#.o#.#.##..... #
#..###.....#.##.
##@5.##..#....
####.......##.##
#.......#.##......#
...##...#....##?..#
###................
#..##...#........
[.............####
.#..######....## #
............#


You could see a white imp.


Message History

You draw a card...
You have drawn Exile.
The ogre is devoured by a tear in reality.
Your Short Blades skill increases to level 2!
Your Long Blades skill increases to level 2!
Your Axes skill increases to level 2!
Your Maces & Flails skill increases to level 2!
Your Polearms skill increases to level 2!
Your Staves skill increases to level 5!
Your Slings skill increases to level 2!
Your Bows skill increases to level 2!
Your Crossbows skill increases to level 2!
Your Throwing skill increases to level 2!
Your Shields skill increases to level 2!
Your Unarmed Combat skill increases to level 2!
Your Spellcasting skill increases to level 2!
Your Evocations skill increases to level 2!
You start resting. 😨 HP[+2] MP[+1]
You regained 2 hp, and now have 12/47 hp.
Your mp is fully restored (9).
You start resting.
A worm comes into view. 😨 HP[+2]
You regained 2 hp, and now have 14/47 hp.
Unknown command.
You hit the worm. You hit the worm but do no damage.
The worm bites you but does no damage. 😨 HP[+1]
You hit the worm but do no damage. The worm bites you but does no damage.
You barely miss the worm. You hit the worm. The worm closely misses you.
You barely miss the worm. You hit the worm.
Lightning courses through the worm!!
You kill the worm!
You start resting. 😎 HP[+32]
Your hp is fully restored (47).
A white imp comes into view.
A white imp is nearby!
A white imp is nearby!
Your +0 whip of electrocution {mace} stops crackling.
You hear the crackle of electricity.
n - a +0 short sword of electrocution (weapon)
{short} The white imp shouts, "Flee, thou paunchy spleeny bum-bailey!"
You hear a shout! x3
Found a staircase to the Ecumenical Temple.
An orc priest comes into view. It is wielding a +0 flail.
You see here a scroll of enchant armour.
m - 2 scrolls of enchant armour (gained 1)
The white imp closely misses you.
You hit the white imp but do no damage.
The white imp hits you but does no damage.
The orc priest mumbles some strange prayers to Beogh against you.
Pain shoots through your body! 😕 HP[-3]
You take 3 damage, and now have 44/47 hp.
You hit the white imp but do no damage. The white imp closely misses you.
You completely miss the white imp.
The white imp hits you but does no damage.
The orc priest invokes the aid of Beogh against you.
Beogh smites you! 😮 HP[-16]
You take 16 damage, and now have 28/47 hp.
MASSIVE DAMAGE!! (PAUSE)
You closely miss the white imp. The white imp hits you.
The white imp freezes you.
* * * LOW HITPOINT WARNING * * *
😨 HP[-7]
You take 7 damage, and now have 21/47 hp.
You hit the white imp. Your bite misses the white imp.
The white imp gestures at you. The puff of frost hits you!
* * * LOW HITPOINT WARNING * * *
The orc priest invokes the aid of Beogh against you.
You barely resist. 😱 HP[-12]
You take 12 damage, and now have 9/47 hp.
MASSIVE DAMAGE!! (PAUSE)
You draw a card...
You have drawn the Tomb.
Walls emerge from the floor!
The deck of cards glows with a rainbow of weird colours and disappears.
The white imp hits you.
* * * LOW HITPOINT WARNING * * *
The white imp freezes you.
* * * LOW HITPOINT WARNING * * *
😱 HP[-4]
You take 4 damage, and now have 5/47 hp.
Unknown command.
It was a potion of curing.
You feel better. The white imp gestures at you. The puff of frost hits you!
* * * LOW HITPOINT WARNING * * *
😱 HP[-3]
You take 3 damage, and now have 2/47 hp.
It was a potion of degeneration.
There was something very wrong with that liquid.
You feel weakened.
You feel dopey.
You feel clumsy. The white imp hits you.
* * * LOW HITPOINT WARNING * * *
The white imp freezes you.
You die...
Your body glows slightly and disappears.

Skill      XL: |  1  2  3  4  5  6 |
---------------+-------------------+-----
Short Blades   | 1 2 |  2.0
Long Blades    | 1 2 |  2.0
Axes           | 1 2 |  2.0
Maces & Flails | 1 2 |  2.0
Polearms       | 1 2 |  2.0
Slings         | 1 2 |  2.0
Bows           | 1 2 |  2.0
Crossbows      | 1 2 |  2.0
Throwing       | 1 2 |  2.0
Shields        | 1 2 |  2.0
Unarmed Combat | 1 2 |  2.0
Spellcasting   | 1 2 |  2.0
Evocations     | 1 2 |  2.0
Fighting       | 3 |  3.3
Armour         | 3 |  3.3
Dodging        | 3 |  3.3
Conjurations   | 1 |  1.6
Hexes          | 1 |  1.6
Summonings     | 1 |  1.6
Necromancy     | 1 |  1.6
Translocations | 1 |  1.6
Transmutations | 1 |  1.6
Fire Magic     | 1 |  1.6
Ice Magic      | 1 |  1.6
Air Magic      | 1 |  1.6
Earth Magic    | 1 |  1.6
Poison Magic   | 1 |  1.6
Invocations    | 3 |  3.4
Stealth        | 8 |  8.0
Staves         | 5 |  5.0

Action                   |  1- 3 |  4- 6 || total
-------------------------+-------+-------++-------
Melee: Quarterstaff      |    64 |       ||    64
       Bite              |     6 |     8 ||    14
       Short sword       |    23 |    98 ||   121
       Punch             |       |     1 ||     1
       Whip              |       |    13 ||    13
Throw: Stone             |    15 |       ||    15
Invok: Draw Escape       |       |     2 ||     2
  Use: Scroll            |       |     6 ||     6
       Potion            |       |     2 ||     2
 Stab: Sleeping          |     8 |    16 ||    24
       Distracted        |       |     1 ||     1
Armor: Leather armour    |    16 |    43 ||    59
Dodge: Dodged            |    39 |    84 ||   123

Levels and vault maps discovered:
D:1:      lemuel_arrival_lava_pool, layout_loops_corners, serial_shops,
          nicolae_shop_bloodbath_and_beyond, shop, minmay_pentomino_t4
D:2:      minmay_recursive_quarters, layout_rooms, basic_altar
D:3:      layout_basic, hellmonk_ecumenical_altar_arch_garden,
          portal_sewer_entry_b
D:4:      layout_rooms
D:5:      layout_loops_corners, minmay_temple_entry_ruins, uniq_edmund

Notes
Turn   | Place    | Note
-------+----------+-------------------------------------------
     0 | D:1      | spaghetti the Gnoll Wanderer began the quest for the Orb.
     0 | D:1      | spaghetti set off with the following items: a +0 dagger
                  | {short}, an atropa-tipped dart {throwing}, a datura-tipped
                  | dart {throwing}, a +0 quarterstaff {staff}, a scroll of
                  | fog, a scroll of summoning, a +0 leather armour
     0 | D:1      | Reached XP level 1. HP: 17/17 MP: 2/2
     0 | D:1      | magus.rc [v1.9.6]
   241 | D:1      | Reached XP level 2. HP: 23/23 MP: 3/3
   357 | D:1      | Found Wouw Sag's Magic Scroll Shoppe.
   783 | D:1      | Reached XP level 3. HP: 27/28 MP: 4/4
  1345 | D:1      | Found Rohafatt's Weapon Shoppe.
  2018 | D:2      | Reached skill level 1 in Short Blades
  2018 | D:2      | Reached skill level 1 in Long Blades
  2018 | D:2      | Reached skill level 1 in Axes
  2018 | D:2      | Reached skill level 1 in Maces & Flails
  2018 | D:2      | Reached skill level 1 in Polearms
  2018 | D:2      | Reached skill level 1 in Slings
  2018 | D:2      | Reached skill level 1 in Bows
  2018 | D:2      | Reached skill level 1 in Crossbows
  2018 | D:2      | Reached skill level 1 in Throwing
  2018 | D:2      | Reached skill level 1 in Shields
  2018 | D:2      | Reached skill level 1 in Unarmed Combat
  2018 | D:2      | Reached skill level 1 in Spellcasting
  2018 | D:2      | Reached skill level 1 in Evocations
  2019 | D:2      | Reached XP level 4. HP: 28/34 MP: 6/6
  2364 | D:2      | Found a sparkling altar of Nemelex Xobeh.
  2651 | D:2      | Became a worshipper of Nemelex Xobeh the Trickster
  3171 | D:3      | Reached * piety under Nemelex Xobeh
  3172 | D:3      | Found a faded altar of an unknown god.
  3430 | D:3      | Noticed a sky beast
  3434 | D:3      | Killed a sky beast
  3435 | D:3      | Reached skill level 3 in Fighting
  3435 | D:3      | Reached skill level 3 in Armour
  3435 | D:3      | Reached skill level 3 in Dodging
  3435 | D:3      | Reached skill level 1 in Conjurations
  3435 | D:3      | Reached skill level 1 in Hexes
  3435 | D:3      | Reached skill level 1 in Summonings
  3435 | D:3      | Reached skill level 1 in Necromancy
  3435 | D:3      | Reached skill level 1 in Translocations
  3435 | D:3      | Reached skill level 1 in Transmutations
  3435 | D:3      | Reached skill level 1 in Fire Magic
  3435 | D:3      | Reached skill level 1 in Ice Magic
  3435 | D:3      | Reached skill level 1 in Air Magic
  3435 | D:3      | Reached skill level 1 in Earth Magic
  3435 | D:3      | Reached skill level 1 in Poison Magic
  3435 | D:3      | Reached skill level 3 in Invocations
  3435 | D:3      | Reached XP level 5. HP: 41/41 MP: 7/7
  3647 | D:4      | Reached skill level 8 in Stealth
  4029 | D:4      | Reached XP level 6. HP: 47/47 MP: 8/8
  4390 | D:5      | Entered Level 5 of the Dungeon
  4404 | D:5      | Received a gift from Nemelex Xobeh
  4454 | D:5      | HP: 10/47 [ogre/+0 giant club (24)]
  4456 | D:5      | Reached skill level 2 in Short Blades
  4456 | D:5      | Reached skill level 2 in Long Blades
  4456 | D:5      | Reached skill level 2 in Axes
  4456 | D:5      | Reached skill level 2 in Maces & Flails
  4456 | D:5      | Reached skill level 2 in Polearms
  4456 | D:5      | Reached skill level 5 in Staves
  4456 | D:5      | Reached skill level 2 in Slings
  4456 | D:5      | Reached skill level 2 in Bows
  4456 | D:5      | Reached skill level 2 in Crossbows
  4456 | D:5      | Reached skill level 2 in Throwing
  4456 | D:5      | Reached skill level 2 in Shields
  4456 | D:5      | Reached skill level 2 in Unarmed Combat
  4456 | D:5      | Reached skill level 2 in Spellcasting
  4456 | D:5      | Reached skill level 2 in Evocations
  4701 | D:5      | Found a staircase to the Ecumenical Temple.
  4710 | D:5      | HP: 9/47 [white imp/puff of frost (12)]
  4712 | D:5      | HP: 2/47 [white imp/puff of frost (9)]
  4713 | D:5      | Slain by a white imp

Vanquished Creatures
  A sky beast (D:3)
  An orc priest (D:4)
  A hound (D:4)
  2 adders (D:2)
  A worm (D:5)
  A dart slug (D:1)
  3 orcs (D:4)
  4 bats
  5 endoplasms
  3 giant cockroaches
  14 hobgoblins
  8 kobolds
  4 quokkas
  7 ball pythons
  6 frilled lizards
  8 goblins
  12 rats
81 creatures vanquished.

Table legend:
 A = Non-vault XP
 B = Vault XP
 C = Vault XP percentage of total XP
 D = Non-vault monster count
 E = Vault monster count
 F = Vault count percentage of total count
                 A         B        C        D         E       F
            +---------+---------+-------+---------+---------+-------
      Total |     437 |      42 |   8.8 |      62 |      20 |  24.4
            +---------+---------+-------+---------+---------+-------
        D:1 |      43 |       8 |  15.7 |      25 |       4 |  13.8
        D:2 |      23 |      25 |  52.1 |       7 |       9 |  56.2
        D:3 |     153 |       9 |   5.6 |      17 |       7 |  29.2
        D:4 |     101 |       0 |   0.0 |      11 |       0 |   0.0
        D:5 |     117 |       0 |   0.0 |       2 |       0 |   0.0
            +---------+---------+-------+---------+---------+-------

Illustrated notes

Table legend:
 A = Kills in this place as a percentage of kills in entire the game.
 B = Kills by you in this place as a percentage of kills by you in the entire game.
 C = Kills by friends in this place as a percentage of kills by friends in the entire game.
 D = Other kills in this place as a percentage of other kills in the entire game.
 E = Experience gained in this place as a percentage of experience gained in the entire game.
 F = Experience gained in this place divided by the number of levels of this place that you have seen.
                   A       B       C       D       E      F
               +-------+-------+-------+-------+-------+----------------------
         Total | 100.0 | 100.0 |   N/A | 100.0 | 100.0 |  95.8
       Dungeon | 100.0 | 100.0 |   N/A | 100.0 | 100.0 |  95.8
               +-------+-------+-------+-------+-------+----------------------

Table legend: (Time is in decaauts)
 A = Elapsed time spent in this place.
 B = Non-inter-level travel time spent in this place.
 C = Inter-level travel time spent in this place.
 D = Time resting spent in this place.
 E = Time spent auto-exploring this place.
 F = Levels seen in this place.
 G = Mean time per level.
                   A        B        C        D        E       F      G
               +--------+--------+--------+--------+--------+-----+--------+
         Total |   4727 |   4300 |    427 |    795 |   2823 |   5 |  945.4 |
       Dungeon |   4727 |   4300 |    427 |    795 |   2823 |   5 |  945.4 |
               +--------+--------+--------+--------+--------+-----+--------+

Top non-repeatable levels by time:
     D:1: 1712 daAuts
     D:2: 992 daAuts
     D:3: 928 daAuts
     D:4: 772 daAuts
     D:5: 322 daAuts
